 Dungeon Crawl Stone Soup version 0.19.1-1-g22dce08 (webtiles) character file.

42 Queen the Insei (level 3, -2/28 HPs)
             Began as a Draconian Transmuter on Jan 12, 2017.
             Slain by a worm (9 damage)
             ... on level 2 of the Dungeon.
             The game lasted 00:04:12 (1063 turns).

Queen the Insei (Draconian Transmuter)              Turns: 1063, Time: 00:04:13

Health: -2/28      AC:  6    Str: 12    XL:     3   Next: 35%
Magic:  1/6        EV: 12    Int: 13    God:
Gold:   64         SH:  0    Dex: 12    Spells: 2 memorised, 3 levels left

rFire  . . .     SeeInvis .       - Unarmed
rCold  . . .     Gourm    .     (armour unavailable)
rNeg   . . .     Faith    .     (no shield)
rPois  .         Spirit   .     (helmet restricted)
rElec  .         Reflect  .     (no cloak)
rCorr  .         Harm     .     k - +0 pair of gloves
MR     .....                    (no boots)
Stlth  +.........               (no amulet)
                                (no ring)
                                (no ring)

@: very slightly contaminated
A: unfitting armour, cold-blooded, AC +5
a: no special abilities


You were on level 2 of the Dungeon.
You were not hungry.

You visited 1 branch of the dungeon, and saw 2 of its levels.

You collected 64 gold pieces.

Inventory:

Missiles
 a - 45 arrows
Armour
 k - a +0 pair of gloves (worn)
Scrolls
 d - a scroll of magic mapping {unknown}
 e - a scroll of enchant weapon {unknown}
 f - a scroll of fear {unknown}
 h - a scroll of remove curse {unknown}
 i - 2 scrolls of identify {unknown}
 n - a scroll of teleportation {unknown}
Potions
 j - 2 potions of might {unknown}
 l - 2 potions of curing {unknown}
 m - a potion of heal wounds {unknown}
Books
 b - a book of Changes

   Spells                             Type                      Level
   a - Beastly Appendage              Transmutation                1
   b - Sticks to Snakes               Transmutation                2
   c - Spider Form                    Transmutation/Poison         3
   d - Ice Form                       Ice/Transmutation            4
   e - Blade Hands                    Transmutation                5
Comestibles
 c - a bread ration
 g - 5 chunks of flesh


   Skills:
 - Level 1.1 Fighting
 - Level 1.7 Dodging
 + Level 4.4 Unarmed Combat
 - Level 2.0 Spellcasting
 - Level 2.0 Transmutations


You had 3 spell levels left.
You knew the following spells:

 Your Spells              Type           Power        Failure   Level  Hunger
a - Beastly Appendage     Tmut           #.....       12%         1    ##.....
b - Sticks to Snakes      Tmut           #.......     17%         2    ###....


Dungeon Overview and Level Annotations

Branches:
Dungeon (2/15)

Altars:


Innate Abilities, Weirdness & Mutations

Your plain brown scales are hard. (AC +5)
You cannot fit into any form of body armour.
You are cold-blooded and may be slowed by cold attacks.


Message History

The adder is heavily wounded.
Your ball python bites the adder.
Your ball python constricts the adder.
The adder misses you.
You hit the adder.
The adder is almost dead.
Your ball python bites the adder.
Your ball python constricts the adder.
The adder closely misses you.
You hit the adder.
You kill the adder!
You hit the worm but do no damage. The worm closely misses you.
You hit the worm.
The worm is moderately wounded.
Your ball python bites the worm.
Your ball python grabs the worm.
Your ball python constricts the worm.
Your ball python bites the worm but does no damage.
Your ball python constricts the worm.
You hit the worm.
The worm is severely wounded.
The worm bites you!
You die...

...#.####....
...........
.....#...#
#.....## #..#...#
#.
##.#.#.#######...
##
##...#.##.......
...#...##.#....#
.......##..S@#
........##.w##
###...<>...#####
.##...#........
#..........#####
#####......##...
#...รท.......
#.##........ #.
..#......


You could see a worm and a friendly ball python.

Vanquished Creatures
  An adder (D:2)
  An ooze (D:1)
  A dart slug (D:1)
  A ball python (D:2)
  2 bats (D:1)
  3 goblins (D:1)
  4 hobgoblins (D:1)
  5 jackals (D:1)
  3 frilled lizards
  3 kobolds (D:1)
  3 rats (D:1)
27 creatures vanquished.

Notes
Turn   | Place    | Note
-------+----------+-------------------------------------------
     0 | D:1      | Queen the Draconian Transmuter began the quest for the Orb.
     0 | D:1      | Reached XP level 1. HP: 16/16 MP: 3/3
   430 | D:1      | Reached XP level 2. HP: 23/23 MP: 3/5
   534 | D:1      | Learned a level 2 spell: Sticks to Snakes
   661 | D:1      | Reached skill level 4 in Unarmed Combat
   962 | D:1      | Reached XP level 3. HP: 23/28 MP: 6/6
  1063 | D:2      | Slain by a worm

Skill      XL: |  1  2 |
---------------+-------+-----
Unarmed Combat | 4 |  4.4
Fighting       | |  1.1
Dodging        | |  1.7
Spellcasting   | |  2.0
Transmutations | |  2.0

Action                   || total
-------------------------++-------
Melee: Unarmed           ||   120
       Tailslap          ||     7
       Kick              ||     1
       Punch             ||     1
       Headbutt          ||     1
 Cast: Beastly Appendage ||     4
       Sticks to Snakes  ||     2
  Eat: Chunk             ||     1
Armor: Skin              ||    44
Dodge: Dodged            ||    71
